 Dungeon Crawl Stone Soup version 0.28.0-45-g0d030f2227 (webtiles) character file.

Game seed: 12890305160768509564

269 Icepheonix32 the Insei (level 6, 0/43 HPs)
             Began as a Merfolk Transmuter on Apr 16, 2022.
             Slain by a centaur (6 damage)
             ... on level 4 of the Dungeon.
             The game lasted 00:05:17 (3695 turns).

Icepheonix32 the Insei (Merfolk Transmuter)         Turns: 3695, Time: 00:05:18

Health: 0/43       AC:  3    Str: 11    XL:     6   Next: 22%
Magic:  10/10      EV: 13    Int: 14    God:
Gold:   134        SH:  0    Dex: 14    Spells: 6/10 levels left

rFire   . . .      SeeInvis .     - Unarmed
rCold   . . .      Faith    .   (no shield)
rNeg    . . .      Spirit   .   a - +0 robe
rPois   .          Reflect  .   (helmet currently unavailable)
rElec   .          Harm     .   k - +0 cloak
rCorr   .          Rampage  .   (no gloves)
Will    .....                   (boots currently unavailable)
Stlth   ++........              c - amulet of magic regeneration
HPRegen 0.14/turn               (no ring)
MPRegen 0.52/turn               (no ring)

@: appendages
A: horns 2, (nimble swimmer 2), mertail
a: End Transformation


You were on level 4 of the Dungeon.
You had temporarily grown beastly horns.
You visited 1 branch of the dungeon, and saw 5 of its levels.

You collected 134 gold pieces.

Inventory:

Hand Weapons
 n - the +5 spear "Xaext" {drain, rC+ MP-9 Str+3}
   (You found it on level 3 of the Dungeon)

   A truly terrible weapon, it drains the life of any living foe it strikes.
   Str:       It affects your strength (+3).
   rC:        It protects you from cold.
   MP:        It affects your magic capacity (-9).
Missiles
 f - 5 boomerangs
Armour
 a - a +0 robe (worn)
 k - a +0 cloak (worn)
Jewellery
 c - an amulet of magic regeneration (around neck)
Scrolls
 b - 3 scrolls of fog
 d - a scroll of magic mapping
 e - a scroll of brand weapon {unknown}
 h - a scroll of noise
 j - a scroll of immolation {unknown}
 l - a scroll of vulnerability
 m - a scroll of teleportation
Potions
 g - a potion of might
 i - a potion of flight {unknown}


   Skills:
 + Level 1.3 Fighting
 + Level 4.0 Dodging
 + Level 2.2 Stealth
 + Level 5.1 Unarmed Combat
 + Level 2.6 Spellcasting
 + Level 0.1 Conjurations
 * Level 4.5 Transmutations
 + Level 0.1 Fire Magic


You had 6 spell levels left.
You knew the following spells:

 Your Spells              Type           Power      Damage    Failure   Level
a - Beastly Appendage     Tmut           28%        N/A       3%          1
b - Wereblood             Tmut           14%        N/A       5%          2
c - Foxfire               Conj/Fire      8%         2x1d4     22%         1

Your spell library contained the following spells:

 Spells                   Type           Power      Damage    Failure   Level
 Spider Form              Tmut/Pois      8%         N/A       26%         3
 Conjure Flame            Conj/Fire      2%         6-21      54%         3
 Inner Flame              Hex/Fire       2%         N/A       54%         3
 Ice Form                 Ice/Tmut       8%         N/A       65%         4
 Flame Wave               Conj/Fire      2%         2d4       91%         4


Dungeon Overview and Level Annotations

Branches:
Dungeon (5/15)
 Temple: D:4-7

Altars:
Sif Muna

Annotations:
D:4 2 runed translucent doors


Innate Abilities, Weirdness & Mutations

You have temporarily grown beastly horns.
((You are very nimble when in or above water. (Stealth+, EV+, Speed+++)))
Your lower body shifts to a powerful aquatic tail in water.


Message History

Things that are here:
a +0 flail; a +0 leather armour Your transformation is almost over.
j - a scroll labelled ZATWEL AZAE A centaur comes into view.
Your horns disappear.
The centaur shouts!
The centaur wields a +0 shortbow.
The centaur shoots an arrow.
The arrow hits you!
The centaur shoots an arrow.
The arrow hits you!
You are too injured to fight recklessly!
Unknown command.
The centaur shoots an arrow.
The arrow hits you!
* * * LOW HITPOINT WARNING * * *
The centaur shoots an arrow.
The arrow closely misses you.
The centaur shoots an arrow.
The arrow barely misses you.
You are too injured to fight recklessly!
The centaur unwields a +0 shortbow.
The centaur closely misses you.
The centaur kicks you but does no damage.
You barely miss the centaur. The centaur hits you.
* * * LOW HITPOINT WARNING * * *
The centaur kicks you.
* * * LOW HITPOINT WARNING * * *
The centaur hits you but does no damage.
The centaur kicks you.
* * * LOW HITPOINT WARNING * * *
Unknown command.
Casting: Beastly Appendage (safe; 3% risk of failure)
Confirm with . or Enter, or press ? or * to list all spells.
You grow a pair of large bovine horns.
The centaur barely misses you. The centaur misses you.
You hit the centaur. Your headbutt misses the centaur.
The centaur is moderately wounded.
The centaur barely misses you.
The centaur kicks you but does no damage.
The centaur closely misses you. x2
Unknown command.
You barely miss the centaur. You headbutt the centaur!
The centaur is heavily wounded.
The centaur hits you.
You die...

#...... .#
#...... .#
#...... .##
+...... ..
#......#.# ≈
#........###..≈
#.......c.....≈
####@.####.§
#..........§
#...........
#..........#
#..........#
#..........#
#.##..####..
#.##..# ..
..#######.##..#


You could see a centaur.

Vanquished Creatures
  A wyvern skeleton (D:5)
  A jelly (D:5)
  An orc priest (D:4)
  Jessica (D:2)
  Robin (D:2)
  6 adders
  A dart slug (D:1)
  4 orcs
  3 endoplasms
  4 giant cockroaches
  6 hobgoblins
  3 kobolds
  A quokka (D:1)
  4 ball pythons
  5 bats
  3 frilled lizards (D:1)
  16 goblins
  6 rats
67 creatures vanquished.

Vanquished Creatures (others)
  4 foxfires (D:2)
  8 toadstools (D:4)
12 creatures vanquished.

Grand Total: 79 creatures vanquished

Notes
Turn   | Place    | Note
-------+----------+-------------------------------------------
     0 | D:1      | Icepheonix32 the Merfolk Transmuter began the quest for the
                  | Orb.
     0 | D:1      | Reached XP level 1. HP: 15/15 MP: 3/3
   283 | D:1      | Reached XP level 2. HP: 19/21 MP: 5/5
   304 | D:1      | Found a faded altar of an unknown god.
  1052 | D:1      | Learned a level 2 spell: Wereblood
  1054 | D:1      | Learned a level 1 spell: Foxfire
  1223 | D:2      | Reached XP level 3. HP: 23/26 MP: 6/6
  1559 | D:2      | Noticed Jessica
  1569 | D:2      | Killed Jessica
  1570 | D:2      | Reached skill level 4 in Unarmed Combat
  1570 | D:2      | Reached XP level 4. HP: 8/32 MP: 7/7
  2199 | D:2      | Reached skill level 1 in Stealth
  2509 | D:2      | Noticed Robin
  2535 | D:2      | Killed Robin
  2536 | D:2      | Reached XP level 5. HP: 31/37 MP: 8/8
  2538 | D:2      | Found a shimmering blue altar of Sif Muna.
  3120 | D:3      | Identified the +5 spear "Xaext" {drain, rC+ MP-9 Str+3}
  3239 | D:3      | You fall into a shaft and drop 2 floors!
  3239 | D:5      | Entered Level 5 of the Dungeon
  3244 | D:5      | Noticed a phantom
  3361 | D:5      | Reached XP level 6. HP: 23/43 MP: 9/9
  3387 | D:4      | Found a large runed translucent door.
  3387 | D:4      | Found a large runed translucent door.
  3396 | D:4      | Reached skill level 5 in Unarmed Combat
  3695 | D:4      | Slain by a centaur

Illustrated notes

Levels and vault maps discovered:
D:1:      dpeg_arrival_rhombi, layout_basic,
          shapermc_ecumenical_altar_totnotflames
D:2:      layout_loops_cross, basic_altar, serial_glass, glass_columns_a,
          glass_columns_a, feat_on_display, grunt_ministairs_7, uniq_robin,
          uniq_jessica
D:3:      layout_basic
D:4:      cheibrodos_fertilizer, layout_basic, ebering_ghost_disaster_area,
          kennysheep_boxes, uniq_crazy_yiuf_cottage
D:5:      layout_basic, mainiacjoe_overflow_big_doors,
          nicolae_fountain_basement, uniq_sigmund, uniq_eustachio

Skill      XL: |  1  2  3  4  5  6 |
---------------+-------------------+-----
Transmutations | 3 4 |  4.5
Dodging        | 3 4 |  4.0
Unarmed Combat | 4 5 |  5.1
Stealth        | 1 2 |  2.2
Fighting       | |  1.3
Spellcasting   | |  2.6
Conjurations   | |  0.1
Fire Magic     | |  0.1

Action                   |  1- 3 |  4- 6 || total
-------------------------+-------+-------++-------
Melee: Unarmed           |    71 |   110 ||   181
       Headbutt          |     6 |    16 ||    22
       Punch             |     2 |     2 ||     4
       Spear             |       |     4 ||     4
 Cast: Beastly Appendage |     8 |    14 ||    22
       Foxfire           |     2 |     1 ||     3
       Wereblood         |       |     1 ||     1
  Use: Scroll            |       |     7 ||     7
 Stab: Sleeping          |     3 |     5 ||     8
Armor: Robe              |    15 |    25 ||    40
Dodge: Dodged            |    39 |    64 ||   103
